 Dungeon Crawl Stone Soup version 0.31-a0-151-ge443d1f16c (webtiles) character file.

Game seed: 13142442826596198624

72 qw the Shooter (level 4, -6/28 HPs)
             Began as a Gargoyle Hunter on June 8, 2023.
             Mangled by a gnoll
             ... wielding a +0 whip
              (7 damage)
             ... on level 2 of the Dungeon.
             The game lasted 00:00:33 (848 turns).

qw the Shooter (Gargoyle Hunter)                     Turns: 848, Time: 00:00:34

Health: -6/28      AC:  8    Str: 15    XL:     4   Next: 25%
Magic:  4/4        EV: 11    Int:  9    God:
Gold:   73         SH:  0    Dex: 15    Spells: 3/3 levels left

rFire   . . .        Y - +0 longbow
rCold   . . .        (shield currently unavailable)
rNeg    + . .        b - +0 ring mail
rPois   inf          (no helmet)
rElec   +            (no cloak)
rCorr   +            (no gloves)
SInv    .            (no boots)
Will    .....        (no amulet)
Stlth   +            e - ring of resist corrosion
HPRegen 0.24/turn    (no ring)
MPRegen 0.09/turn

%: no passive effects
@: no status effects
A: sickness immunity, AC +3, negative energy resistance 1, electricity
resistance, torment resistance 1, petrification resistance
a: no special abilities


You were on level 2 of the Dungeon.
You visited 1 branch of the dungeon, and saw 2 of its levels.

You collected 73 gold pieces.


Innate Abilities, Weirdness & Mutations

You are immune to sickness and miasma.
Your stone body is resilient. (AC +3)
You are immune to poison.
You resist negative energy. (rN+)
You are resistant to electric shocks. (rElec)
You are resistant to unholy torment.
You are immune to petrification.


   Skills:
 - Level 3.1 Fighting
 + Level 5.1 Ranged Weapons
 - Level 1.0 Armour
 - Level 1.5 Dodging
 - Level 1.1 Stealth


You had 3 spell levels left.
You didn't know any spells.
Your spell library was empty.

Inventory:

Hand Weapons
 Y - a +0 longbow (weapon)
Armour
 b - a +0 ring mail (worn)
 f - a +0 pair of gloves
Jewellery
 c - a +6 ring of intelligence
 e - a ring of resist corrosion (left hand)
Potions
 a - a potion of haste {unknown}
 d - a potion of enlightenment {unknown}
 j - a potion of heal wounds {unknown}

Dungeon Overview and Level Annotations

Branches:
Dungeon (2/15)

Altars:


Message History

The hobgoblin hits you. The hobgoblin closely misses you.
A gnoll comes into view. It is wielding a +0 flail.
The hobgoblin closely misses you.
You shoot an arrow. The gnoll shouts!
The arrow hits the hobgoblin!
You kill the hobgoblin!
You hear a shout!
The hobgoblin misses you. The goblin barely misses you.
The hobgoblin barely misses you.
You shoot an arrow. The arrow closely misses the goblin.
The arrow barely misses the gnoll.
A bat comes into view.
The goblin closely misses you.
The hobgoblin hits you but does no damage.
You shoot an arrow. The arrow hits the goblin!
You kill the goblin!
The hobgoblin hits you but does no damage.
The hobgoblin hits you. The gnoll barely misses you.
You shoot an arrow. The arrow hits the gnoll.
The gnoll is moderately wounded.
The gnoll hits you with a +0 whip.
The hobgoblin hits you but does no damage.
A quokka comes into view.
You shoot an arrow. The arrow closely misses the gnoll.
The arrow hits the gnoll.
The gnoll is moderately wounded.
The gnoll closely misses you. The hobgoblin barely misses you.
The gnoll barely misses you.
A goblin comes into view. It is wielding a +0 dagger.
The hobgoblin barely misses you.
You shoot an arrow. The arrow hits the gnoll.
The gnoll is heavily wounded.
The gnoll hits you with a +0 whip. The hobgoblin closely misses you.
You shoot an arrow. The arrow barely misses the gnoll.
The arrow hits the gnoll but does no damage.
The gnoll is moderately wounded.
The gnoll barely misses you. The hobgoblin misses you.
The gnoll hits you with a +0 whip!
You die...

##### ...# ###g###
#gg@).#
#g###.######### )g
#.........###### ##
#..#.........).[
....##......######
##..###......######
### #............
#....########
#.....### ##.


You could see 3 gnolls, a hobgoblin and a goblin.

Vanquished Creatures
  Robin (D:2)
  2 dart slugs (D:1)
  5 ball pythons
  4 endoplasms
  3 giant cockroaches
  8 hobgoblins
  4 jackals (D:1)
  A quokka (D:2)
  7 bats
  8 goblins
  2 kobolds
  5 rats
50 creatures vanquished.

Notes
Turn   | Place    | Note
-------+----------+-------------------------------------------
     0 | D:1      | qw the Gargoyle Hunter began the quest for the Orb.
     0 | D:1      | Reached XP level 1. HP: 12/12 MP: 1/1
     0 | D:1      | 0 ||| qw: Version: 0.2-a-120-gdf1a93b
     0 | D:1      | 0 ||| qw: Game counter: 3058
     0 | D:1      | 0 ||| qw: Always use a shield: true
     0 | D:1      | 0 ||| qw: God list: Okawaru
     0 | D:1      | 0 ||| qw: Allow faded altars: false
     0 | D:1      | 0 ||| qw: Do Orc after D:15 true
     0 | D:1      | 0 ||| qw: Do second Lair branch before Depths: true
     0 | D:1      | 0 ||| qw: Lair rune preference: random
     0 | D:1      | 0 ||| qw: Plans: Normal
     0 | D:1      | 0 ||| PLANNING D:1-11
   132 | D:1      | Reached XP level 2. HP: 17/17 MP: 2/2
   162 | D:1      | 162 ||| UPGRADING to ring of resist corrosion.
   163 | D:1      | 163 ||| READING scroll labelled VAHUTU OZOUREI.
   171 | D:1      | 171 ||| DROPPING scroll of butterflies.
   340 | D:1      | 340 ||| SWAPPING to +0 longbow.
   343 | D:1      | 343 ||| DROPPING +0 shortbow.
   347 | D:1      | Reached XP level 3. HP: 21/21 MP: 3/3
   353 | D:1      | Reached skill level 5 in Ranged Weapons
   397 | D:1      | Found a faded altar of an unknown god.
   576 | D:1      | 576 ||| UPGRADING to +0 ring mail.
   586 | D:1      | 586 ||| DROPPING +0 leather armour.
   587 | D:1      | 587 ||| READING scroll labelled LIFELU FALIE.
   592 | D:1      | 592 ||| READING scroll labelled NEXKUVIRANA.
   593 | D:1      | 593 ||| READING scroll labelled KEZUCH KAPLAE.
   735 | D:2      | Reached skill level 1 in Armour
   823 | D:2      | Noticed Robin
   832 | D:2      | Killed Robin
   833 | D:2      | Reached skill level 3 in Fighting
   833 | D:2      | Reached XP level 4. HP: 11/28 MP: 4/4
   837 | D:2      | HP: 6/28 [hobgoblin[Robin] (4)]
   844 | D:2      | HP: 6/28 [hobgoblin[Robin] (1)]
   847 | D:2      | HP: 1/28 [gnoll/+0 whip (5)]
   848 | D:2      | Mangled by a gnoll

Levels and vault maps discovered:
D:1:      amcnicky_arrival_flooded_fountain, layout_rooms,
          dreamdust_ecumenical_altar_hidden_monk_grotto, minmay_3d_cube
D:2:      layout_loops_ring, serial_shops, nicolae_shop_rolling_square,
          minmay_pentomino_q2, uniq_robin

Skill      XL: |  1  2  3 |
---------------+----------+-----
Ranged Weapons | 5 |  5.1
Armour         | 1 |  1.0
Fighting       | 3 |  3.1
Dodging        | |  1.5
Stealth        | |  1.1

Action                     |  1- 3 |  4- 6 || total
---------------------------+-------+-------++-------
   Fire: Shortbow          |    50 |       ||    50
         Longbow           |    72 |    16 ||    88
    Use: Scroll            |     4 |       ||     4
 Armour: Leather armour    |     9 |       ||     9
         Ring mail         |    24 |    11 ||    35
  Dodge: Dodged            |    43 |    31 ||    74

Table legend:
 A = Non-vault XP
 B = Vault XP
 C = Vault XP percentage of total XP
 D = Non-vault monster count
 E = Vault monster count
 F = Vault count percentage of total count
                 A         B        C        D         E       F
            +---------+---------+-------+---------+---------+-------
      Total |      67 |      36 |  35.0 |      38 |      12 |  24.0
            +---------+---------+-------+---------+---------+-------
        D:1 |      49 |       1 |   2.0 |      27 |       1 |   3.6
        D:2 |      18 |      35 |  66.0 |      11 |      11 |  50.0
            +---------+---------+-------+---------+---------+-------
